 Dungeon Crawl Stone Soup version 0.20-a0-633-gff4aa5c (webtiles) character file.

258118 Svalin the Slayer (level 19, -16/152 HPs)
             Began as a Hill Orc Fighter on Feb 4, 2017.
             Was the Champion of Beogh.
             Demolished by an orc knight
             ... wielding a +3 war axe of distortion
              (19 damage)
             ... on level 3 of the Vaults on Feb 11, 2017.
             The game lasted 03:42:10 (53229 turns).

Svalin the Slayer (Hill Orc Fighter)               Turns: 53229, Time: 03:42:11

Health: -16/152    AC: 25    Str: 19    XL:     19   Next: 86%
Magic:  11/11      EV: 13    Int:  4    God:    Beogh [******]
Gold:   1312       SH: 16    Dex: 16    Spells: 18/18 levels left

rFire    + . .     SeeInvis .   V - +2 broad axe of Evolution {antimagic, +Blink Dex+4}
rCold    + . .     Gourm    .   i - +0 plate armour "Beaxtia" {MR+ MP+9} (curse)
rNeg     + . .     Faith    +   M - +2 shield of Resistance {rF+ rC+ MR+}
rPois    .         Spirit   .   J - +4 hat of Surprise {rN+ rCorr Int-4}
rElec    .         Reflect  .   t - +1 cloak
rCorr    +         Harm     .   T - +0 pair of gloves
MR       ++++.     Rnd*Rage +   z - +0 pair of boots
Stlth    ..........             y - amulet of faith
Regen    0.0/turn               l - ring of protection from magic
                                W - +3 ring of protection

@: exhausted, non-regenerating, badly diseased, slowed, very slow
A: walk on water, berserk 2, clumsy 2, deformed body, frail 2, weak 1, subdued
magic 1
}: 2/15 runes: serpentine, barnacled
a: Smiting, Recall Orcish Followers, Give Item to Named Follower, Resurrection,
Renounce Religion, Evoke Blink


You were on level 3 of the Vaults.
You worshipped Beogh.
Beogh was exalted by your worship.
You were not hungry.

You visited 7 branches of the dungeon, and saw 35 of its levels.
You visited the Abyss 1 time.

You collected 3427 gold pieces.
You spent 2115 gold pieces at shops.

Inventory:

Hand Weapons
 j - a +0 long sword of electrocution
 A - a +0 morningstar
 H - the +5 broad axe of Quexkyas {chop, Stlth+}
   (You bought it in a shop on level 2 of the Orcish Mines)

   It inflicts extra damage upon your enemies.
   It makes you more stealthy.
 I - a +3 arbalest of velocity
 V - the +2 broad axe of Evolution (weapon) {antimagic, +Blink Dex+4}
   (You bought it in a shop on level 2 of the Orcish Mines)

   It reduces the magical energy of the wielder, and disrupts the spells and
   magical abilities of those hit.
   Natural abilities and divine invocations are not affected.
   It affects your dexterity (+4).
   It lets you blink.
Missiles
 v - 19 poisoned javelins
 D - 37 silver javelins
 F - 4 throwing nets (quivered)
Armour
 a - the +1 chain mail of the Salmon {Regen+}
   (You bought it in a shop on level 2 of the Orcish Mines)

   It increases your rate of regeneration.
 d - the cursed +0 hat of the Barber Surgeon {rCorr}
   (You found it on level 2 of the Vaults)

   It protects you from acid and corrosion.
   It has a curse placed upon it.
 i - the cursed +0 plate armour "Beaxtia" (worn) {MR+ MP+9}
   (You found it on level 1 of the Vaults)

   It affects your resistance to hostile enchantments.
   It affects your magic capacity (+9).
   It has a curse placed upon it.
 t - a +1 cloak (worn)
 z - a +0 pair of boots (worn)
 C - the +0 Maxwell's etheric cage {RegenMP+ *Contam rElec MP+4}
   (You found it on level 1 of the Snake Pit)

   It insulates you from electricity.
   It affects your magic capacity (+4).
   It causes magical contamination when unequipped.
 J - the +4 hat of Surprise (worn) {rN+ rCorr Int-4}
   (You found it on level 2 of the Vaults)

   It affects your intelligence (-4).
   It protects you from negative energy.
   It protects you from acid and corrosion.
 M - the +2 shield of Resistance (worn) {rF+ rC+ MR+}
   (You found it on level 4 of the Snake Pit)

   It protects you from fire.
   It protects you from cold.
   It affects your resistance to hostile enchantments.
 T - a +0 pair of gloves (worn)
 U - a +0 plate armour of magic resistance
Jewellery
 l - a ring of protection from magic (right hand)
 m - an uncursed ring of resist corrosion
 r - an uncursed ring of see invisible
 x - an uncursed ring of positive energy
 y - an amulet of faith (around neck)
 W - a +3 ring of protection (left hand)
Wands
 b - a wand of lightning (2/15)
 e - a wand of acid (11/15)
 g - a wand of digging (14/24)
 E - a wand of iceblast (5/15)
 N - a wand of lightning (3/15)
 Q - a wand of acid (5/15)
 Z - a wand of disintegration (5/24)
Scrolls
 c - 2 scrolls of identify
 h - 14 scrolls of teleportation
 n - 9 scrolls of remove curse
 s - 4 scrolls of fog
 w - a scroll of magic mapping
 K - a scroll of recharging
 O - 4 scrolls of blinking
 Y - a scroll of brand weapon
Potions
 k - 4 potions of haste
 o - 3 potions of flight
 q - 2 potions of might
 u - 4 potions of agility
 L - 3 potions of cancellation
 S - 4 potions of resistance
Comestibles
 f - 14 bread rations
 p - 39 royal jellies
 B - 30 fruits
 G - a meat ration


   Skills:
 * Level 21.7 Fighting
 - Level 16.0 Axes
 + Level 16.6 Armour
 + Level 12.1 Dodging
 - Level 16.3 Shields
 - Level 9.3 Invocations


You had 18 spell levels left.
You didn't know any spells.

Dungeon Overview and Level Annotations

Branches:
Dungeon (15/15)            Temple (0/1) D:5            Lair (6/6) D:9
 Shoals (4/4) Lair:4        Snake (4/4) Lair:2          Orc (2/2) D:10
    Elf (1/3) Orc:2        Vaults (3/5) D:14         Depths (0/5) D:15
  Slime: Lair:5-6     Crypt: Vaults:2-3

Altars:
Dithmenos
Fedhas
Kikubaaqudgha
Nemelex Xobeh
Sif Muna
Trog
Vehumet
Xom
Yredelemnul
The Shining One
Beogh

Shops:
D:7 (   D:12 =   Orc:2 :!(:**([   Shoals:1 **   Snake:2 (   Snake:3 [
Snake:4 [   Vaults:1 :   Vaults:3 ?[(

Portals:
Trove: Vaults:2 (give 18 scrolls of identify)


Innate Abilities, Weirdness & Mutations

You can walk on water.
Armour fits poorly on your strangely shaped body.
Your spells are a little easier to cast, but a little less powerful.
[You often lose your temper in combat.]
[You are very clumsy. (Dex -4)]
[You are very frail. (-20% HP)]
[You are weak. (Str -2)]


Message History

The entropy weaver hits you but does no damage.
The entropy weaver hits you!
* * * LOW HITPOINT WARNING * * *
The entropy weaver closely misses you. The freezing wraith closely misses you.
The freezing wraith hits you but does no damage.
You block the orc knight's attack.
The orc knight roars a battlecry!
The orc knight goes into a battle-frenzy!
The entropy weaver hits you but does no damage. x3
The entropy weaver hits you.
* * * LOW HITPOINT WARNING * * *
Garbold hits the stone giant from afar with a +1 glaive of chopping!!
The freezing wraith hits you!
* * * LOW HITPOINT WARNING * * *
The freezing wraith freezes you! You resist.
* * * LOW HITPOINT WARNING * * *
The freezing wraith barely misses you.
The orc knight hits you with a war axe of distortion!!
You die...
Beogh appreciates the orc knight's killing of a heretic priest.

(# #............#
.#
##............#
)#
#..........o..#
.#
...(...........#
)#
.∩.#...........#
.+
...............#
.#
#.....(.......#
.#
######o########
.# #..a@o# .#
#...WxCG# .#
#.....WWo.# .#
#.....>.....# .#
##.".......## .#
##.......## .#
##.....## .#
#######
.################


You could see a stone giant, an entropy weaver, 2 orc knights, a great orb of
eyes, an ancient zyme, 3 freezing wraiths, the friendly Argrim the orc warlord
and the friendly Garbold the orc warlord.

Vanquished Creatures
  A lich (Vaults:1)
  2 krakens
  A tengu reaver (Vaults:2)
  4 nagarajas
  2 vault wardens
  A deep elf sorcerer (Vaults:3)
  3 ironheart preservers
  A very ugly thing (Vaults:2)
  2 merfolk impalers (Shoals:4)
  A merfolk javelineer (Shoals:2)
  A fire dragon (D:15)
  3 yaktaur captains
  Josephine (D:11)
  2 great orbs of eyes (Vaults:2)
  A vault guard (Vaults:1)
  6 naga warriors
  An ice dragon (Vaults:2)
  2 merfolk avatars
  2 anacondas (Snake:2)
  4 merfolk aquamancers
  A hydra (Lair:2)
  3 centaur warriors
  A dancing weapon (Elf:1)
  An alligator (Snake:3)
  21 two-headed ogres
  2 deep troll shamans
  3 ogre magi
  2 satyrs (Shoals:3)
  3 naga sharpshooters
  5 shock serpents
  A sun demon (Abyss:3)
  3 deep elf knights
  2 wretched stars (Abyss:3)
  2 salamander mystics (Snake:4)
  A storm dragon zombie (Abyss:3)
  2 unseen horrors
  A wizard (D:15)
  8 sea snakes
  2 deep trolls
  A deep elf archer (D:14)
  4 ironbrand convokers
  4 naga ritualists
  2 orc knights
  4 wolf spiders
  A necromancer (Elf:1)
  2 human zombies (Vaults:2)
  7 harpies
  5 cyclopes
  2 mana vipers
  2 orc sorcerers
  9 ugly things
  8 fauns
  4 salamanders
  5 manticores
  8 deep elf magi
  16 black mambas
  11 merfolk sirens
  5 naga magi (Snake:4)
  Joseph (D:10)
  A water nymph (Shoals:4)
  A torpor snail (Lair:6)
  A gargoyle (D:13)
  An apocalypse crab (Abyss:3)
  3 vault sentinels
  A smoke demon (Abyss:3)
  A rime drake (Lair:4)
  9 spiny frogs
  A kobold demonologist (D:14)
  13 yaktaurs
  8 trolls
  2 ancient zymes (Abyss:3)
  3 harpy zombies (Shoals:3)
  A tengu conjurer (Vaults:2)
  A queen bee (D:11)
  10 merfolk
  A troll (shapeshifter) (D:12)
  7 blink frogs
  8 polar bears
  2 wind drakes
  3 raiju (Lair:6)
  3 hippogriffs
  An ettin zombie (Abyss:3)
  4 snapping turtles
  9 slime creatures
  3 large abominations (Abyss:3)
  Sigmund (D:3)
  4 wyverns
  A spriggan (D:7)
  4 water elementals
  8 wraiths
  A steam dragon (D:9)
  9 yaks
  A hog (shapeshifter) (D:15)
  2 chaos spawn (Abyss:3)
  2 hungry ghosts
  A spatial vortex (Abyss:3)
  4 acid dragons
  15 nagas
  2 wargs (Lair:6)
  7 water moccasins
  12 hell hounds
  3 porcupines
  A black bear (shapeshifter) (D:13)
  8 ice beasts
  A swamp drake (Snake:3)
  2 orc warriors
  2 sky beasts
  2 phantoms (D:11)
  7 black bears
  3 eyes of draining
  15 wolves
  21 ogres
  21 centaurs
  9 crocodiles
  3 big kobolds
  11 bullfrogs
  2 gnoll sergeants
  A water moccasin zombie (D:6)
  An earth elemental (Elf:1)
  5 scorpions
  31 killer bees
  15 wights
  3 howler monkeys
  An electric eel (Lair:4)
  6 crimson imps
  A bullfrog zombie (D:5)
  3 centaur zombies
  2 quasits
  7 jellies
  5 orc priests
  10 hounds
  2 bullfrog skeletons
  8 orc wizards
  3 iguanas
  Jessica (D:2)
  5 centaur skeletons
  Ijyb (D:3)
  12 worker ants
  A killer bee zombie (D:7)
  A hound zombie (D:5)
  3 hound skeletons
  A worker ant zombie (D:12)
  Robin (D:2)
  9 adders
  5 gnolls
  2 shadow imps
  An ooze (D:3)
  An adder zombie (D:5)
  2 adder skeletons
  3 worms
  3 dart slugs
  9 leopard geckos
  33 orcs
  6 bats
  12 goblins
  11 hobgoblins
  8 jackals
  20 kobolds
  7 quokkas
  3 frilled lizards
  A giant cockroach zombie (D:6)
  A leopard gecko skeleton (D:5)
  6 rats
  4 fungi
  9 plants
  A tentacle (Shoals:4)
776 creatures vanquished.

Vanquished Creatures (collateral kills)
  A lich (Vaults:2)
  Ilsuiw (Shoals:4)
  7 nagarajas
  3 vault wardens
  6 ironheart preservers
  A stone giant (Vaults:2)
  6 very ugly things
  A deep elf demonologist (Vaults:3)
  A deep elf annihilator (Vaults:3)
  6 merfolk javelineers (Shoals:4)
  2 deep elf death magi (Elf:1)
  An ettin (Vaults:3)
  4 merfolk impalers
  2 yaktaur captains (Vaults:2)
  A great orb of eyes (Vaults:1)
  2 fire dragons
  3 vault guards (Vaults:1)
  A rakshasa (Vaults:3)
  8 hydras
  2 ice dragons
  3 anacondas
  12 naga warriors
  5 centaur warriors
  24 two-headed ogres
  An alligator (Snake:3)
  10 ogre magi
  2 satyrs (Shoals:4)
  4 merfolk aquamancers
  A dancing weapon (Elf:1)
  A tengu warrior (D:15)
  7 shock serpents
  6 naga sharpshooters
  A deep elf knight (Vaults:1)
  A fire crab (Lair:6)
  2 salamander mystics
  5 deep elf archers
  An unseen horror (shapeshifter) (Vaults:1)
  3 unseen horrors (Vaults:1)
  A sea snake (Shoals:4)
  6 naga ritualists
  4 deep trolls
  A wizard (Vaults:2)
  2 orc knights (Orc:2)
  10 harpies
  2 necromancers
  A swamp dragon (Snake:3)
  A wolf spider zombie (D:14)
  An orc sorcerer (Orc:1)
  3 ironbrand convokers
  11 ugly things
  3 wolf spiders
  4 fauns
  9 deep elf magi
  5 manticores
  5 mana vipers
  2 cyclopes
  A shining eye (shapeshifter) (Vaults:1)
  A manticore (shapeshifter) (Vaults:2)
  10 salamanders
  2 centaur zombies
  24 naga magi
  2 guardian serpents (Snake:3)
  2 vault sentinels (Vaults:2)
  23 black mambas
  2 merfolk sirens (Shoals:1)
  3 water nymphs
  A torpor snail (Lair:2)
  2 spiny frogs (Lair:6)
  4 komodo dragons
  4 centaur skeletons
  A kobold demonologist (D:14)
  7 yaktaurs
  A tengu conjurer (Vaults:2)
  A freezing wraith (Vaults:2)
  A troll (D:10)
  18 merfolk
  A troll (shapeshifter) (Vaults:2)
  A harpy zombie (Shoals:3)
  2 hornets
  2 polar bears (Lair:6)
  2 large abominations (Elf:1)
  A raiju (Lair:6)
  13 slime creatures
  2 dream sheep (Shoals:4)
  3 snapping turtles (Shoals:4)
  7 hippogriffs
  8 blink frogs
  2 fire giant simulacra (Vaults:2)
  2 wraiths
  3 water elementals (Shoals:4)
  2 shadows
  A vampire (D:14)
  2 basilisks
  A spriggan (shapeshifter) (Vaults:1)
  A wyvern (D:14)
  17 yaks
  2 vampire mosquitoes (Snake:3)
  2 wargs (Lair:6)
  30 nagas
  A swamp worm (Snake:3)
  An acid dragon (D:14)
  A water moccasin (Lair:6)
  3 hell hounds (Lair:6)
  8 ice beasts
  8 orc warriors
  8 black bears
  An ettin simulacrum (Vaults:2)
  29 ogres
  5 wolves
  10 centaurs
  A human skeleton (Vaults:2)
  A human zombie (Vaults:2)
  5 crocodiles
  3 big kobolds
  8 bullfrogs
  2 elf zombies (Elf:1)
  A hippogriff zombie (Shoals:3)
  An earth elemental (Elf:1)
  A wyvern skeleton (D:12)
  A human simulacrum (Vaults:3)
  9 killer bees
  7 wights
  A howler monkey (D:9)
  A crimson imp (D:14)
  A bullfrog zombie (D:10)
  2 jellies (D:14)
  An orc priest (D:10)
  An iguana (D:10)
  2 orc wizards
  A gnoll (D:9)
  3 adders (D:11)
  11 orcs
  A jackal (D:11)
  2 kobolds
  A quokka zombie (D:10)
  3 butterflies (Lair:1)
  3 fungi
  7 plants
  3 tentacles
595 creatures vanquished.

Vanquished Creatures (others)
  4 orc warlords
  A merfolk aquamancer (Shoals:1)
  An anaconda (Snake:3)
  An ogre mage (Vaults:2)
  8 orc knights
  An orc high priest (Lair:5)
  A naga sharpshooter (Snake:4)
  3 orc sorcerers
  A naga ritualist (Snake:2)
  A wizard (Vaults:2)
  A black mamba (Snake:2)
  A naga mage (Snake:4)
  Blork the orc (Snake:4)
  A rime drake (Lair:6)
  A large abomination (Abyss:3)
  A naga (Snake:4)
  14 orc warriors
  14 orc priests
  15 orc wizards
  A dart slug (D:5)
  71 orcs
  A leopard gecko zombie (D:5)
  11 fungi
  21 plants
  12 tentacles
188 creatures vanquished.

Grand Total: 1559 creatures vanquished

Notes
Turn   | Place    | Note
-------+----------+-------------------------------------------
     0 | D:1      | Svalin the Hill Orc Fighter began the quest for the Orb.
     0 | D:1      | Reached XP level 1. HP: 19/19 MP: 1/1
    91 | D:1      | Reached XP level 2. HP: 25/26 MP: 2/2
   328 | D:1      | Reached XP level 3. HP: 29/31 MP: 3/3
   883 | D:2      | Reached skill level 5 in Axes
  1288 | D:2      | Noticed Robin
  1303 | D:2      | Reached XP level 4. HP: 39/39 MP: 4/4
  1322 | D:2      | Killed Robin
  1631 | D:2      | Noticed Jessica
  1644 | D:2      | Killed Jessica
  1644 | D:2      | Reached XP level 5. HP: 42/45 MP: 5/5
  1930 | D:3      | Noticed Sigmund
  2006 | D:3      | Killed Sigmund
  2006 | D:3      | Reached XP level 6. HP: 41/51 MP: 6/6
  2332 | D:3      | Noticed Ijyb
  2349 | D:3      | Killed Ijyb
  2683 | D:4      | Reached skill level 4 in Fighting
  2762 | D:4      | Reached XP level 7. HP: 46/59 MP: 7/7
  3189 | D:5      | Entered Level 5 of the Dungeon
  3287 | D:5      | Found a basalt altar of Yredelemnul.
  3395 | D:5      | Became a worshipper of Beogh the Brigand
  3417 | D:5      | Reached skill level 5 in Fighting
  3602 | D:5      | Found a staircase to the Ecumenical Temple.
  3614 | D:5      | Reached skill level 10 in Axes
  3765 | D:5      | Reached XP level 8. HP: 62/68 MP: 8/8
  3920 | D:5      | Found a sparkling altar of Nemelex Xobeh.
  4434 | D:6      | Found a glowing golden altar of the Shining One.
  4436 | D:6      | Found a blossoming altar of Fedhas.
  4499 | D:6      | Reached skill level 5 in Shields
  4637 | D:6      | Reached * piety under Beogh
  4822 | D:6      | Reached skill level 6 in Fighting
  5285 | D:7      | Found Borau's Antique Weapon Shop.
  5515 | D:7      | Reached XP level 9. HP: 72/78 MP: 9/9
  5567 | D:7      | Reached skill level 7 in Fighting
  5669 | D:7      | Reached ** piety under Beogh
  6387 | D:8      | Found a shadowy altar of Dithmenos.
  6996 | D:8      | Reached skill level 8 in Fighting
  7146 | D:8      | Found an ancient bone altar of Kikubaaqudgha.
  7373 | D:8      | Reached *** piety under Beogh
  7604 | D:9      | Reached XP level 10. HP: 88/89 MP: 10/10
  7628 | D:9      | Noticed a two-headed ogre
  7941 | D:9      | Killed a two-headed ogre
  7941 | D:9      | Reached skill level 9 in Fighting
  8281 | D:9      | Found a staircase to the Lair.
  8322 | D:9      | Found a bloodstained altar of Trog.
  8328 | D:9      | Noticed a two-headed ogre
  8334 | D:9      | Killed a two-headed ogre
  8721 | D:9      | Reached skill level 15 in Axes
  9050 | D:9      | Reached **** piety under Beogh
  9623 | Lair:1   | Entered Level 1 of the Lair of Beasts
  9625 | Lair:1   | Noticed a spiny frog
  9634 | Lair:1   | Killed a spiny frog
  9634 | Lair:1   | Reached skill level 10 in Fighting
  9634 | Lair:1   | Reached XP level 11. HP: 99/99 MP: 11/11
 10592 | Lair:1   | Reached skill level 1 in Invocations
 11125 | Lair:2   | Found a staircase to the Snake Pit.
 11261 | Lair:2   | Gained Marbaugh as an ally
 11575 | Lair:2   | HP: 5/101 [komodo dragon (21)]
 12447 | Lair:2   | Noticed a five-headed hydra
 12460 | Lair:2   | Killed an 11-headed hydra
 12460 | Lair:2   | Reached skill level 11 in Fighting
 13206 | Lair:3   | Reached skill level 5 in Armour
 13547 | Lair:3   | Noticed a five-headed hydra
 13549 | Lair:3   | Noticed a five-headed hydra
 13559 | Lair:3   | Killed a five-headed hydra
 13562 | Lair:3   | Killed a five-headed hydra
 13562 | Lair:3   | Reached skill level 10 in Shields
 13866 | Lair:3   | Reached skill level 5 in Invocations
 14225 | Lair:4   | Found a staircase to the Shoals.
 14253 | Lair:4   | Reached XP level 12. HP: 108/110 MP: 14/16
 14791 | Lair:4   | Reached ***** piety under Beogh
 14860 | Lair:4   | Noticed a five-headed hydra
 14867 | Lair:4   | Killed a five-headed hydra
 15097 | Lair:4   | Noticed a six-headed hydra
 15105 | Lair:4   | Killed a six-headed hydra
 15290 | Lair:5   | Noticed an eight-headed hydra
 15296 | Lair:5   | Killed an eight-headed hydra
 15554 | Lair:5   | Your ally Marbaugh died
 15576 | Lair:5   | Reached skill level 12 in Fighting
 15964 | Lair:5   | Noticed a four-headed hydra
 15970 | Lair:5   | Killed a five-headed hydra
 16306 | Lair:5   | Noticed an eight-headed hydra
 16319 | Lair:5   | Killed an eight-headed hydra
 16519 | Lair:5   | Upgraded the game from 0.20-a0-556-g892c87b to 0.20-a0-599-g16ea627
 16606 | Lair:6   | Entered Level 6 of the Lair of Beasts
 17348 | Lair:6   | Reached XP level 13. HP: 86/119 MP: 19/19
 17883 | Lair:6   | Reached skill level 13 in Fighting
 18457 | Lair:6   | Reached skill level 1 in Dodging
 18767 | Lair:5   | Reached ****** piety under Beogh
 19659 | D:10     | Entered Level 10 of the Dungeon
 20004 | D:10     | Upgraded the game from 0.20-a0-599-g16ea627 to 0.20-a0-622-g01f5896
 20475 | D:10     | Found a staircase to the Orcish Mines.
 20584 | D:10     | Noticed Joseph
 20599 | D:10     | Killed Joseph
 20860 | Orc:1    | Entered Level 1 of the Orcish Mines
 21158 | Orc:1    | Paralysed by an orc sorcerer for 3 turns
 21422 | Orc:2    | Entered Level 2 of the Orcish Mines
 21422 | Orc:2    | Found Qeekk's Book Boutique.
 21428 | Orc:2    | Found a staircase to the Elven Halls.
 21765 | Orc:2    | Gained Korbok as an ally
 21780 | Orc:2    | Gained Oruk as an ally
 21815 | Orc:2    | Reached XP level 14. HP: 40/130 MP: 21/21
 21849 | Orc:2    | Reached skill level 14 in Fighting
 22513 | Orc:2    | Found Piemo's General Store.
 22513 | Orc:2    | Found Rohoz's Book Shop.
 22514 | Orc:2    | Found Taob's Weapon Boutique.
 22514 | Orc:2    | Found Voshrov's General Store.
 22522 | Orc:2    | Bought a potion of curing for 45 gold pieces
 22529 | Orc:2    | Reached skill level 10 in Armour
 22585 | Orc:2    | Bought the cursed +2 broad axe of Evolution {antimagic, +Blink Dex+4} for 703 gold pieces
 22588 | Orc:2    | Bought a scroll of identify for 30 gold pieces
 22588 | Orc:2    | Bought the cursed +1 chain mail of the Salmon {Regen+} for 202 gold pieces
 22588 | Orc:2    | Bought a +2 morningstar of distortion for 330 gold pieces
 22613 | Orc:2    | Found a roughly hewn altar of Beogh.
 22771 | Orc:2    | Found Senefios's Antique Weapon Shop.
 22809 | Orc:2    | Found Bucylic's Antique Armour Emporium.
 22840 | Orc:2    | Bought a pair of gloves for 108 gold pieces
 23906 | D:11     | Noticed Josephine
 23917 | D:11     | Killed Josephine
 24374 | D:11     | Gained Morun as an ally
 24387 | D:11     | Gained Zartorak as an ally
 24729 | D:12     | Reached skill level 5 in Dodging
 24936 | D:12     | Found Kunt's Jewellery Shop.
 24939 | D:12     | Bought an uncursed ring of see invisible for 210 gold pieces
 26053 | D:13     | Reached skill level 15 in Fighting
 26187 | D:13     | Gained Orkwin as an ally
 26296 | D:13     | Gained Zorug as an ally
 26368 | D:13     | Reached XP level 15. HP: 129/141 MP: 7/22
 27401 | D:14     | Found a gate to the Vaults.
 27557 | D:14     | Noticed Blork the orc
 27568 | D:14     | Found a deep blue altar of Sif Muna.
 27659 | D:14     | Found a blossoming altar of Fedhas.
 28176 | D:15     | Entered Level 15 of the Dungeon
 28383 | D:15     | Found a radiant altar of Vehumet.
 29277 | D:15     | Found a staircase to the Depths.
 29588 | Snake:1  | Entered Level 1 of the Snake Pit
 30006 | Snake:1  | Reached skill level 16 in Fighting
 30218 | Snake:1  | You fall through a shaft!
 30966 | Snake:1  | Found a shimmering altar of Xom.
 31790 | Snake:2  | Reached XP level 16. HP: 102/152 MP: 9/23
 32329 | Snake:2  | Found Ahisi's Antique Weapon Boutique.
 32423 | Snake:2  | Noticed a nagaraja
 32438 | Snake:2  | Killed a nagaraja
 33386 | Snake:3  | Reached skill level 15 in Shields
 33664 | Snake:3  | Found Foppiev's Armour Boutique.
 33783 | Snake:3  | Noticed a nagaraja
 33803 | Snake:3  | Killed a nagaraja
 33940 | Snake:3  | Noticed a nagaraja
 33950 | Snake:3  | Killed a nagaraja
 34445 | Snake:3  | Noticed a nagaraja
 34452 | Snake:3  | Killed a nagaraja
 34566 | Snake:3  | Noticed a nagaraja
 35058 | Snake:3  | Reached skill level 17 in Fighting
 35069 | Snake:3  | Killed a nagaraja
 35448 | Snake:4  | Entered Level 4 of the Snake Pit
 36448 | Snake:4  | Noticed a nagaraja
 36451 | Snake:4  | Noticed a nagaraja
 36472 | Snake:4  | Killed a nagaraja
 36474 | Snake:4  | Killed a nagaraja
 36478 | Snake:4  | Gained Orgrim as an ally
 36494 | Snake:4  | Your ally Orgrim died
 36920 | Snake:4  | Your ally Korbok died
 36924 | Snake:4  | Noticed a nagaraja
 36930 | Snake:4  | Your ally Orkwin died
 36930 | Snake:4  | Killed a nagaraja
 36930 | Snake:4  | Reached XP level 17. HP: 85/162 MP: 9/24
 36931 | Snake:4  | Your ally Zartorak died
 36932 | Snake:4  | Your ally Zorug died
 36936 | Snake:4  | Your ally Oruk died
 36940 | Snake:4  | Your ally Morun died
 37048 | Snake:4  | Your ally died
 38179 | Snake:4  | Got a serpentine rune of Zot
 38694 | Shoals:1 | Entered Level 1 of the Shoals
 39299 | Shoals:1 | Found Jeteoj's Assorted Antiques.
 39391 | Shoals:1 | Found Cusmigel's Assorted Antiques.
 39401 | Shoals:1 | Gained Argrim as an ally
 39914 | Shoals:1 | Noticed a kraken
 39931 | Shoals:1 | Killed a kraken
 39931 | Shoals:1 | Reached skill level 18 in Fighting
 41183 | Shoals:2 | Reached skill level 10 in Dodging
 41489 | Shoals:3 | Your ally Argrim died
 41802 | Shoals:3 | Upgraded the game from 0.20-a0-622-g01f5896 to 0.20-a0-629-gc37eb77
 42322 | Shoals:4 | Entered Level 4 of the Shoals
 42381 | Shoals:4 | Noticed Ilsuiw
 42413 | Shoals:4 | Killed Ilsuiw
 42760 | Shoals:4 | Reached XP level 18. HP: 173/173 MP: 9/25
 43357 | Shoals:4 | Gained Garbold as an ally
 43447 | Shoals:4 | Reached skill level 15 in Armour
 43505 | Shoals:4 | Reached skill level 19 in Fighting
 43792 | Shoals:4 | Got a barnacled rune of Zot
 44232 | Orc:2    | Bought a crystal broad axe for 243 gold pieces
 44232 | Orc:2    | Identified the +5 broad axe of Quexkyas {chop, Stlth+} (You bought it in a shop on level 2 of the Orcish Mines)
 44260 | Orc:2    | Found Ogaofem's Distillery.
 44270 | Orc:2    | Bought a potion of curing for 36 gold pieces
 44270 | Orc:2    | Bought a potion of curing for 36 gold pieces
 44270 | Orc:2    | Bought a potion of curing for 36 gold pieces
 44700 | Elf:1    | Entered Level 1 of the Elven Halls
 45303 | Elf:1    | Got a translucent chain mail
 45304 | Elf:1    | Identified the +1 chain mail "Golumn" {-Cast rPois MR+++ Str-5} (You found it on level 1 of the Elven Halls)
 45583 | Elf:1    | Identified the Almanac of Unholy Arts
 46081 | Vaults:1 | Entered Level 1 of the Vaults
 46088 | Vaults:1 | Got a bloodstained chain mail
 46099 | Vaults:1 | Identified the +8 chain mail of the Postmodern Allies {rPois rN++ Slay-3} (You found it on level 1 of the Vaults)
 46613 | Vaults:1 | Gained mutation: Your spells are a little easier to cast, but a little less powerful. [a shining eye]
 46761 | Vaults:1 | Found Goeph's Book Boutique.
 46772 | Vaults:1 | Got an ichor-stained plate armour
 46783 | Vaults:1 | Identified the cursed +0 plate armour "Beaxtia" {MR+ MP+9} (You found it on level 1 of the Vaults)
 47377 | Vaults:1 | Reached skill level 20 in Fighting
 47688 | Vaults:1 | Gained Olfik as an ally
 48034 | Vaults:1 | Noticed a lich
 48037 | Vaults:1 | Killed a lich
 48499 | Vaults:2 | Reached XP level 19. HP: 137/187 MP: 13/26
 49042 | Vaults:2 | Found a portal to a secret trove of treasure.
 49192 | Vaults:2 | Found a radiant altar of Vehumet.
 49192 | Vaults:2 | Noticed a lich
 49199 | Vaults:2 | Killed a lich
 49348 | Vaults:2 | Got a smoking hat
 49371 | Vaults:2 | Got a twisted hat
 50425 | Vaults:2 | Reached skill level 21 in Fighting
 50919 | Vaults:2 | Upgraded the game from 0.20-a0-629-gc37eb77 to 0.20-a0-633-gff4aa5c
 51758 | Vaults:3 | Found Cenataor's Antique Armour Shop.
 52089 | Vaults:3 | Found Cuga's Magic Scroll Shop.
 52106 | Vaults:3 | Bought a scroll of identify for 34 gold pieces
 52106 | Vaults:3 | Bought 3 scrolls of identify for 102 gold pieces
 52106 | Vaults:3 | Identified the cursed +0 hat of the Barber Surgeon {rCorr} (You found it on level 2 of the Vaults)
 52107 | Vaults:3 | Identified the +4 hat of Surprise {rN+ rCorr Int-4} (You found it on level 2 of the Vaults)
 52130 | Vaults:3 | Gained mutation: Armour fits poorly on your strangely shaped body. [mutagenic glow]
 52693 | Vaults:3 | Found Wesomp's Weapon Shop.
 52698 | Vaults:3 | Cast into level 3 of the Abyss (orc knight)
 53165 | Abyss:3  | Lost intelligence.
 53229 | Vaults:3 | Escaped the Abyss
 53229 | Vaults:3 | HP: 3/152 [freezing wraith (11)]
 53229 | Vaults:3 | Demolished by an orc knight

Vault maps used:
D:1:      dpeg_arrival_boxes_within_box, due_unseen_surprise
D:2:      uniq_robin, uniq_crazy_yiuf_cottage, uniq_jessica
D:3:      uniq_sigmund, uniq_iyjb
D:5:      lemuel_round_altar, nicolae_overflow_hidden_temple,
          minmay_temple_entry_nine_rooms, serial_undead, serial_undead_e,
          serial_undead_c, serial_undead_c, serial_undead_e, first_bread,
          kennysheep_generic_room_4
D:6:      chequers_temple_overflow_statue_of_worship, minmay_misc_feat_encased
D:7:      serial_shops, nicolae_shop_overgrown_old_shop, the_bakery, st_stairs_7
D:8:      nicolae_dithmenos_shadow_blocks, basic_altar
D:9:      trog_ov_bears_minmay, minmay_lair_entry_lava
D:10:     hiddenorc2_lemuel, minmay_misc_feat_rows, uniq_joseph
D:11:     special_room, uniq_josephine
D:12:     serial_shops, nicolae_shop_trees
D:13:     serial_glass, glass_columns_b, glass_columns_c, glass_columns_a,
          glass_columns_a
D:14:     hangedman_vaults_entry_quadrant_bands, tgw_sif, fedhas_altar_4
D:15:     grunt_enter_depths_hoard, serial_park_square2, basic_altar
Lair:1:   lemuel_fruit_fields, lemuel_fruit_fields
Lair:2:   dummy_snake_entry
Lair:3:   st_stairs_7
Lair:4:   shoals_dummy_entry, gammafunk_lair_bear_cave
Lair:6:   hangedman_lair_caniforms_friends, guppyfry_lair_end_dragon,
          dpeg_slime_entry_enclosed_altar
Shoals:1: serial_shops, shop, nicolae_shop_competitors_out_of_business,
          nicolae_shoals_aquamancer_cove
Shoals:3: nicolae_shoals_undead_eyrie
Shoals:4: shoals_end_hangedman, shoals_ilsuiw_alternative,
          nicolae_shoals_kraken_intersection
Snake:1:  basic_altar, nicolae_large_snake_swirl
Snake:2:  nicolae_snakescales, serial_shops, shop
Snake:3:  onia_ninara_swampy_vault, serial_shops, nicolae_shop_statue_plus,
          stair_cage_line
Snake:4:  snake_pit
Orc:2:    st_orc_ogre_mass, portal_ice_cave_entry_ice_beasts, serial_shops,
          nicolae_shop_overgrown_old_shop, nicolae_shop_crystal,
          nicolae_shop_temple_entry_statues_fountains,
          nicolae_shop_window_shopping, basic_altar
Elf:1:    minmay_elf_necromancy
Vaults:1: grunt_vaults_focal, hangedman_vaults_snaps, st_spiral_rooms,
          hangedman_vaults_capsules, v_misc_28, v_rooms_4, v_misc_13,
          ontoclasm_vaults_loading_screen, hangedman_vaults_river_flow,
          vaults_room_door_hall, nicolae_vaults_asterisk,
          vaults_dpeg_encased_lava, serial_shops, nicolae_shop_waterfront
Vaults:2: grunt_vaults_hallway_long, grunt_tower_of_power, v_misc_9,
          vaults_room_pool, ontoclasm_vaults_fault, v_misc_13, enter_trove_0
Vaults:3: nicolae_vaults_ninety_degrees, nicolae_vaults_little_ls,
          nicolae_vaults_disjoint_gnomons, minmay_crypt_entry_simple_corners,
          nicolae_vaults_diagonal_hallway_8, v_misc_30, vaults_mumra_hex,
          v_misc_30, vaults_room_corners, v_misc_8, vaults_room_stairs_pillars,
          nicolae_vaults_asterisk, serial_shops, shop, shop_fountains,
          nicolae_shop_behind_doors, nicolae_shop_stone, shop

Skill      XL: |  1  2  3  4  5  6  7  8  9 10 11 12 13 14 15 16 17 18 19 |
---------------+----------------------------------------------------------+-----
Axes           | 3 4 5 6 8 9 10 11 13 15 16 | 16.0
Fighting       | 4 5 6 8 10 11 12 13 15 16 17 18 20 21 | 21.7
Shields        | 4 5 7 8 10 11 12 13 14 15 16 | 16.3
Invocations    | 5 8 9 |  9.3
Armour         | 5 7 9 11 12 13 14 15 16 | 16.6
Dodging        | 3 6 7 9 10 11 12 | 12.1

Action                   |  1- 3 |  4- 6 |  7- 9 | 10-12 | 13-15 | 16-18 | 19-21 || total
-------------------------+-------+-------+-------+-------+-------+-------+-------++-------
Melee: War axe           |   128 |   145 |   480 |   494 |   429 |       |       ||  1676
       Spear             |       |       |       |     4 |       |       |       ||     4
       Broad axe         |       |       |       |       |   816 |  1287 |   463 ||  2566
Throw: Throwing net      |       |       |       |     3 |       |     1 |     2 ||     6
       Javelin           |       |       |       |     2 |     6 |     4 |       ||    12
Invok: Convert to Beogh  |       |       |     1 |       |       |       |       ||     1
       Smiting           |       |       |       |     1 |       |       |       ||     1
       Recall Orcish Fol |       |       |       |     1 |     5 |     8 |     2 ||    16
       Give Item to Name |       |       |       |     1 |     6 |     4 |       ||    11
       Stop Recall       |       |       |       |       |     4 |     2 |     1 ||     7
       Resurrection      |       |       |       |       |       |     1 |       ||     1
Evoke: Wand              |       |       |       |    12 |     3 |     2 |       ||    17
  Use: Scroll            |     6 |       |     5 |    10 |    10 |    15 |     6 ||    52
       Potion            |     2 |     1 |       |     6 |     9 |     7 |     5 ||    30
 Stab: Distracted        |       |       |       |     4 |    16 |    19 |     4 ||    43
       Paralysed         |       |       |       |     6 |     3 |       |       ||     9
  Eat: Chunk             |     1 |     5 |    11 |    14 |    18 |    12 |     5 ||    66
       Meat ration       |       |       |     2 |     3 |     6 |     6 |       ||    17
       Fruit             |       |       |       |     2 |       |    13 |     1 ||    16
       Royal jelly       |       |       |       |       |       |     1 |     1 ||     2
       Bread ration      |       |       |       |       |       |     1 |       ||     1
Armor: Scale mail        |    63 |    61 |       |       |       |       |       ||   124
       Ring mail         |       |       |   146 |   135 |   128 |       |       ||   409
       Skin              |       |       |       |       |    14 |       |       ||    14
       Chain mail        |       |       |       |       |   243 |   341 |       ||   584
       Plate armour      |       |       |       |       |       |    47 |   161 ||   208
Dodge: Dodged            |    36 |    34 |   155 |   128 |   360 |   465 |   173 ||  1351
Block: Shield            |    58 |    57 |   185 |   251 |   864 |  1055 |   399 ||  2869
